 Dungeon Crawl Stone Soup version 0.20-a0-553-g9f38e11 (console) character file.

97468 nht the Brawler (level 15, -29/153 HPs)
             Began as a Troll Transmuter on Feb 3, 2017.
             Was the Champion of Ru.
             Hit by a large rock thrown by a cyclops (41 damage)
             ... on level 14 of the Dungeon.
             The game lasted 01:01:44 (21623 turns).

nht the Brawler (Troll Transmuter)                 Turns: 21623, Time: 01:01:45

Health: -29/153    AC:  9    Str: 22    XL:     15   Next: 72%
Magic:  11/15      EV: 12    Int: 12    God:    Ru [******]
Gold:   1785       SH:  0    Dex: 10    Spells: 4/16 levels left

rFire    + . .     SeeInvis .     - Unarmed
rCold    + + .     Gourm    +   K - +2 robe {rC+ rF+}
rNeg     . . .     Faith    .   (shield unavailable)
rPois    .         Spirit   .   B - +0 hat
rElec    .         Reflect  .   m - +1 cloak {rC+}
rCorr    .         Harm     .   (gloves unavailable)
MR       +....                  (boots unavailable)
Stlth    ..........             V - amulet of regeneration
Regen    1.2/turn               i - +3 ring of evasion
                                (ring unavailable)

@: marked
A: unfitting armour, claws 3, horns 1, blurry vision 1, dopey 1, fast metabolism
3, gourmand, regeneration 1, shaggy fur 1, tough skin 2, missing a hand, no
stealth, inability to train dodging, inability to train armour
a: Draw Out Power, Power Leap, Apocalypse, Renounce Religion


You were on level 14 of the Dungeon.
You worshipped Ru.
Ru was exalted by your worship.
You were very full.

You visited 4 branches of the dungeon, and saw 23 of its levels.
You also visited: Ossuary, Ice Cave and Volcano.

You collected 2529 gold pieces.
You spent 744 gold pieces at shops.

Inventory:

Hand Weapons
 X - the cursed +1 demon trident of Kindness {pain, +Fly MR+ Str-5 Int+8, unknown}
   (You found it in an ice cave)

   In the hands of one skilled in necromantic magic, it inflicts extra damage on
   living creatures.
   It affects your strength (-5).
   It affects your intelligence (+8).
   It affects your resistance to hostile enchantments.
   It lets you fly.
   It has a curse placed upon it.
Missiles
 N - 40 tomahawks
 P - 8 poisoned tomahawks
 S - 19 large rocks (quivered)
Armour
 m - a +1 cloak of cold resistance (worn)
 y - a +0 cloak of fire resistance
 B - a +0 hat (worn)
 K - a +2 robe of resistance (worn)
 M - the +1 robe of Absence {-Cast +Fly rPois MR+}
   (You found it on level 5 of the Lair of Beasts)

   It protects you from poison.
   It affects your resistance to hostile enchantments.
   It lets you fly.
   It prevents spellcasting.
Jewellery
 i - a +3 ring of evasion (right claw)
 x - an uncursed ring of protection from cold
 V - an amulet of regeneration (around neck)
Wands
 f - a wand of lightning (5/15)
 p - a wand of digging (21/24)
 C - a wand of disintegration (7/24)
 F - a wand of clouds (0/9)
 G - a wand of iceblast (0/15)
 U - a wand of flame (10/48)
Scrolls
 l - 2 scrolls of enchant armour
 n - 10 scrolls of teleportation
 o - 8 scrolls of remove curse
 r - 3 scrolls of recharging
 u - 3 scrolls of blinking
 v - 6 scrolls of magic mapping
 A - 3 scrolls of amnesia
 D - a scroll of fear
 I - a scroll of fog
 R - a scroll of enchant weapon
 Z - 7 scrolls of identify
Potions
 a - a potion of flight
 b - 2 potions of cancellation
 e - a potion of berserk rage
 g - 5 potions of haste
 h - 6 potions of heal wounds
 s - 12 potions of curing
 t - 4 potions of invisibility
 w - 3 potions of ambrosia
 z - 2 potions of magic
 H - 4 potions of might
 L - 5 potions of brilliance
 O - a potion of agility
 T - a potion of lignification
 W - 2 potions of cure mutation
Books
 c - a book of Changes

   Spells                             Type                      Level
   a - Beastly Appendage              Transmutation                1
   b - Sticks to Snakes               Transmutation                2
   c - Spider Form                    Transmutation/Poison         3
   d - Ice Form                       Ice/Transmutation            4
   e - Blade Hands                    Transmutation                5
 E - a Young Poisoner's Handbook

   Spells                             Type                      Level
   a - Sting                          Conjuration/Poison           1
   b - Poisonous Vapours              Poison/Air                   2
   c - Mephitic Cloud                 Conjuration/Poison/Air       3
   d - Olgreb's Toxic Radiance        Poison                       4
   e - Venom Bolt                     Conjuration/Poison           5
 Q - a book of Minor Magic

   Spells                             Type                      Level
   a - Magic Dart                     Conjuration                  1
   b - Blink                          Translocation                2
   c - Call Imp                       Summoning                    2
   d - Repel Missiles                 Charms/Air                   2
   e - Slow                           Hexes                        2
   f - Conjure Flame                  Conjuration/Fire             3
   g - Mephitic Cloud                 Conjuration/Poison/Air       3
Comestibles
 d - 12 bread rations
 j - 43 fruits
 k - 16 meat rations
 q - 17 royal jellies
 J - 6 chunks of flesh


   Skills:
 + Level 11.0 Fighting
 + Level 20.4 Unarmed Combat
 - Level 1.2 Spellcasting
 + Level 10.2 Transmutations


You had 4 spell levels left.
You knew the following spells:

 Your Spells              Type           Power        Failure   Level  Hunger
a - Spider Form           Tmut/Pois      ##........   14%         3    ####...
b - Ice Form              Ice/Tmut       ##......     41%         4    #####..
c - Blade Hands           Tmut           ####......   14%         5    ######.


Dungeon Overview and Level Annotations

Branches:
Dungeon (14/15)            Temple (1/1) D:4            Lair (6/6) D:8
  Swamp (0/4) Lair:3        Snake (0/4) Lair:4        Slime (0/5) Lair:6
    Orc (2/2) D:12            Elf (0/3) Orc:2
 Vaults: D:13-14

Altars:
Ashenzari
Cheibriados
Dithmenos
Elyvilon
Fedhas
Gozag
Hepliaklqana
Kikubaaqudgha
Makhleb
Nemelex Xobeh
Okawaru
Qazlal
Ru
Sif Muna
Trog
Uskayaw
Vehumet
Xom
Yredelemnul
Zin
The Shining One

Shops:
D:9 !   D:12 %   Orc:2 ?}%[

Portals:
Pandemonium: Orc:2

Annotations:
D:6 exclusion: door
Lair:1 exclusion: 3 oklob plants


Innate Abilities, Weirdness & Mutations

You are too large for most types of armour.
You have claws for hands.
Your metabolism is lightning-fast.
You like to eat raw meat.
Your natural rate of healing is unusually fast.
You are covered in fur. (AC +1)
You have very tough skin. (AC +2)
You are missing a hand.
You cannot be stealthy.
You cannot train Dodging skill.
You cannot train Armour skill.
You have a pair of small horns on your head.
Scrolls take you a little longer to read.
You are dopey. (Int -2)


Message History

You slash the vault guard! Your headbutt misses the vault guard.
The vault guard is almost dead.
You shred the vault guard!!!
You kill the vault guard!
Evoke which item? (* to show all) (? for menu, Esc to quit)
Okay, then.
Okay, then.
Your hand reverts to its normal proportions.
Evoke which item? (* to show all) (? for menu, Esc to quit)
Aiming: Dig
Press: ? - help, Shift-Dir - straight line The rock shatters into small pieces.
This wand has 21 charges left.
The cyclops throws a large rock.
The large rock hits you!!
* * * LOW HITPOINT WARNING * * *
The cyclops throws a large rock.
The large rock hits you!!
* * * LOW HITPOINT WARNING * * *
You see here a large rock.
A cyclops is nearby!
The cyclops throws a large rock.
The large rock hits you!!!
You die...

█.██.█...██.█....██..█
█....█.███.█..█..██..█
██████.██.......█....██
██████.██.█.█.█.......█
██......█.......█.....██
........██....█..█..█.█
..██....██..██........█
.████...██..██.....█..█
██ ██..██......@█..█.█ █
██..██............█ .
██.........█.██.████
█.██......████████....█
█ ..█......██ █(...█ .█
..'.....██ █(...██.█
..█.....█ ██.█.█.█
█.██....█ ██.C.█ ██.J'██
██.██


You could see a cyclops.

Vanquished Creatures
  Gastronok (Lair:1)
  A stone giant (Orc:2)
  A reaper (IceCv)
  The ghost of DEFE the Corrupter of Planes, a journeyman DEAK of Lugonu (Orc:1)
  4 vault guards (D:14)
  15 hydras
  Erica (D:8)
  A catoblepas (Lair:4)
  4 two-headed ogres
  6 death yaks (Lair:5)
  3 centaur warriors (D:13)
  5 orc high priests
  The ghost of nht the Grappler, a novice DrTm of Trog (D:9)
  Nergalle (Lair:1)
  5 unseen horrors
  A gelid demonspawn (Orc:2)
  An infernal demonspawn (Orc:2)
  4 orc knights (Orc:2)
  A harpy (shapeshifter) (D:14)
  8 orc sorcerers
  An ugly thing (D:11)
  A salamander (Volcano)
  2 cyclopes (D:14)
  A deep elf mage (D:13)
  2 manticores
  6 elephants (Lair:4)
  3 centaur zombies
  2 ice statues (IceCv)
  The ghost of DEFE the Nimble, a novice DEAK of Lugonu (D:7)
  A vault sentinel (D:14)
  3 torpor snails (Lair:1)
  4 black mambas
  5 centaur skeletons
  12 spiny frogs
  5 rime drakes
  A gargoyle (D:14)
  4 komodo dragons
  An efreet (D:14)
  A freezing wraith (D:14)
  A kobold demonologist (D:14)
  The ghost of DEFE the Ducker, a novice DEAK of Lugonu (D:4)
  10 ice devils
  A red devil (Orc:2)
  5 trolls
  4 polar bears (Lair:6)
  7 hornets
  2 slime creatures
  2 dream sheep (Lair:6)
  8 blink frogs (Lair:6)
  7 hippogriffs
  A meliai zombie (D:13)
  A ynoxinul (Orc:2)
  15 spriggans
  7 basilisks
  3 wyverns
  37 yaks
  A shadow (D:12)
  A steam dragon (D:9)
  A fire elemental (Volcano)
  3 fire bats (Volcano)
  2 hungry ghosts (D:12)
  A warg (Orc:1)
  Menkaure (Ossuary)
  8 swamp worms (Lair:2)
  5 nagas (Lair:4)
  2 soldier ants (D:9)
  18 water moccasins
  14 porcupines
  6 ice beasts
  29 orc warriors
  2 sky beasts (D:13)
  3 black bears
  2 phantoms
  An eye of draining (D:10)
  2 necrophages
  16 centaurs
  6 ogres
  3 boggarts (Lair:6)
  49 wolves
  18 crocodiles
  19 bullfrogs
  4 big kobolds
  2 gnoll sergeants
  A water moccasin zombie (D:7)
  A wyvern zombie (D:10)
  5 scorpions
  5 killer bees
  5 howler monkeys
  12 wights
  5 crimson imps
  2 hounds
  2 bullfrog zombies
  15 jellies
  19 orc wizards
  4 gnoll shamans (D:4)
  21 orc priests
  10 worker ants
  2 hell rats (Lair:6)
  5 iguanas
  A killer bee zombie (D:9)
  A hound zombie (D:10)
  2 worker ant zombies
  2 howler monkey zombies
  A mummy (Ossuary)
  33 gnolls
  23 adders
  10 river rats (Lair:6)
  A shadow imp (D:6)
  7 white imps (IceCv)
  8 ufetubi (IceCv)
  2 oozes
  An adder skeleton (D:8)
  14 worms
  A dart slug (D:1)
  4 leopard geckos
  80 orcs
  4 giant cockroaches
  5 gnoll zombies (Ossuary)
  3 goblins
  3 hobgoblins
  22 jackals
  13 kobolds
  4 quokkas
  A ball python (D:4)
  6 bats
  3 frilled lizards
  2 gnoll skeletons (Ossuary)
  3 goblin skeletons (Ossuary)
  2 goblin zombies
  3 hobgoblin skeletons (Ossuary)
  4 hobgoblin zombies (Ossuary)
  A kobold skeleton (Ossuary)
  A kobold zombie (Ossuary)
  A leopard gecko skeleton (D:4)
  5 orc skeletons (Ossuary)
  An orc zombie (Ossuary)
  5 rats
  5 rat skeletons (Ossuary)
  3 rat zombies
  A bush (Lair:6)
  4 fungi
  6 plants
868 creatures vanquished.

Vanquished Creatures (collateral kills)
  A cyclops (Orc:1)
  A smoke demon (Orc:2)
2 creatures vanquished.

Vanquished Creatures (others)
  A salamander (Volcano)
  A spiny frog (Lair:4)
  A yak (Lair:6)
  A porcupine (D:8)
  An orc warrior (Orc:2)
  An ogre (D:11)
  A wight (D:7)
  A jelly (Lair:6)
  2 orc wizards
  An iguana (D:8)
  2 mummies (Ossuary)
  A white imp (IceCv)
  5 ufetubi (IceCv)
  3 orcs
  3 goblin zombies (Ossuary)
  A hobgoblin skeleton (Ossuary)
  A kobold (D:9)
  2 kobold skeletons (Ossuary)
  4 kobold zombies (Ossuary)
  An orc skeleton (Ossuary)
  An orc zombie (Ossuary)
  2 rat skeletons (Ossuary)
  3 rat zombies (Ossuary)
  A bush (Lair:5)
  20 fungi
  23 plants
84 creatures vanquished.

Grand Total: 954 creatures vanquished

Notes
Turn   | Place    | Note
-------+----------+-------------------------------------------
     0 | D:1      | nht the Troll Transmuter began the quest for the Orb.
     0 | D:1      | Reached XP level 1. HP: 18/18 MP: 1/1
   225 | D:1      | Reached XP level 2. HP: 26/26 MP: 2/2
   584 | D:1      | Reached skill level 4 in Unarmed Combat
   930 | D:2      | Reached XP level 3. HP: 32/32 MP: 3/3
  1311 | D:2      | Reached XP level 4. HP: 40/40 MP: 4/4
  1314 | D:2      | Found a radiant altar of Vehumet.
  1445 | D:2      | Found a stormy altar of Qazlal.
  1446 | D:2      | Found a glowing golden altar of the Shining One.
  1575 | D:3      | Reached skill level 5 in Unarmed Combat
  1700 | D:3      | You fall through a shaft for 3 floors!
  1797 | D:6      | Noticed a hippogriff
  1805 | D:6      | Killed a hippogriff
  1805 | D:6      | Reached skill level 6 in Unarmed Combat
  1805 | D:6      | Reached XP level 5. HP: 34/46 MP: 5/5
  1805 | D:6      | Reached XP level 6. HP: 40/54 MP: 6/6
  1904 | D:5      | Entered Level 5 of the Dungeon
  1911 | D:5      | Noticed an ice beast
  1915 | D:5      | Reached skill level 7 in Unarmed Combat
  1921 | D:5      | Killed an ice beast
  1926 | D:5      | Found a sand-covered staircase.
  1979 | Ossuary  | Entered an ossuary
  2219 | Ossuary  | Noticed Menkaure
  2226 | Ossuary  | Killed Menkaure
  2226 | Ossuary  | Reached skill level 8 in Unarmed Combat
  2226 | Ossuary  | Reached XP level 7. HP: 37/61 MP: 7/7
  2404 | D:4      | Found a staircase to the Ecumenical Temple.
  2414 | Temple   | Entered the Ecumenical Temple
  2498 | Temple   | Became a worshipper of Ru the Awakened
  2701 | D:4      | Reached skill level 9 in Unarmed Combat
  2717 | D:4      | Noticed DEFE's ghost (novice DEAK)
  2746 | D:4      | Killed DEFE's ghost
  2754 | D:4      | Reached XP level 8. HP: 63/68 MP: 8/8
  2783 | D:4      | Reached skill level 10 in Unarmed Combat
  3082 | D:4      | Gained mutation: You are missing a hand. [Ru sacrifice]
  3082 | D:4      | Reached * piety under Ru
  3082 | D:4      | Reached ** piety under Ru
  3082 | D:4      | Reached *** piety under Ru
  3219 | D:3      | Reached skill level 11 in Unarmed Combat
  4523 | D:5      | Found a shadowy altar of Dithmenos.
  4985 | D:6      | You fall through a shaft!
  5082 | D:7      | Reached XP level 9. HP: 49/75 MP: 9/9
  5153 | D:7      | Reached skill level 12 in Unarmed Combat
  5293 | D:7      | Noticed DEFE's ghost (novice DEAK)
  5295 | D:7      | Gained mutation: You are dopey. (Int -2) [potion of mutation]
  5295 | D:7      | Gained mutation: You have a pair of small horns on your head. [potion of mutation]
  5295 | D:7      | Gained mutation: Scrolls take you a little longer to read. [potion of mutation]
  5300 | D:7      | Gained mutation: You cannot train Armour skill. [Ru sacrifice]
  5300 | D:7      | Reached **** piety under Ru
  5318 | D:7      | Killed DEFE's ghost
  5478 | D:7      | Reached skill level 13 in Unarmed Combat
  5833 | D:8      | Found a staircase to the Lair.
  5916 | D:8      | Reached skill level 14 in Unarmed Combat
  5939 | D:8      | Reached XP level 10. HP: 51/83 MP: 10/10
  6213 | D:8      | Noticed Erica
  6240 | D:8      | Killed Erica
  6263 | D:8      | Found a sacrificial altar of Ru.
  6310 | D:8      | Noticed a two-headed ogre
  6315 | D:8      | Reached skill level 15 in Unarmed Combat
  6320 | D:8      | Killed a two-headed ogre
  6321 | D:8      | Found a blossoming altar of Fedhas.
  6329 | D:8      | Found a bloodstained altar of Trog.
  6580 | D:9      | Noticed nht's ghost (novice DrTm)
  6680 | D:9      | Reached skill level 16 in Unarmed Combat
  6693 | D:9      | Reached XP level 11. HP: 47/89 MP: 11/11
  6737 | D:9      | Killed nht's ghost
  6821 | D:9      | Noticed a five-headed hydra
  6845 | D:9      | Killed a five-headed hydra
  7016 | D:9      | Found Bourui Aggy's Distillery.
  7024 | D:9      | Bought a potion of degeneration for 12 gold pieces
  7024 | D:9      | Bought a potion of lignification for 36 gold pieces
  7024 | D:9      | Bought a potion of lignification for 36 gold pieces
  7024 | D:9      | Bought a potion of might for 48 gold pieces
  7024 | D:9      | Bought a potion of haste for 120 gold pieces
  7024 | D:9      | Bought a potion of lignification for 36 gold pieces
  7024 | D:9      | Bought a potion of heal wounds for 60 gold pieces
  7137 | D:9      | Gained mutation: You cannot be stealthy. [Ru sacrifice]
  7137 | D:9      | Reached ***** piety under Ru
  7282 | Lair:1   | Entered Level 1 of the Lair of Beasts
  7285 | Lair:1   | Reached skill level 17 in Unarmed Combat
  7405 | Lair:1   | Learned a level 3 spell: Spider Form
  7488 | Lair:1   | Reached skill level 1 in Fighting
  7621 | Lair:1   | Noticed an eight-headed hydra
  7628 | Lair:1   | Killed an eight-headed hydra
  7716 | Lair:1   | Noticed Gastronok
  7729 | Lair:1   | Killed Gastronok
  7893 | Lair:1   | Reached XP level 12. HP: 57/105 MP: 12/12
  7896 | Lair:1   | Found a snail-covered altar of Cheibriados.
  8028 | Lair:1   | Noticed Nergalle
  8051 | Lair:1   | Killed Nergalle
  8570 | Lair:2   | Noticed an eight-headed hydra
  8579 | Lair:2   | Killed an eight-headed hydra
  8714 | Lair:2   | Reached skill level 18 in Unarmed Combat
  8721 | Lair:2   | Gained mutation: You cannot train Dodging skill. [Ru sacrifice]
  8721 | Lair:2   | Reached ****** piety under Ru
  8742 | Lair:2   | Noticed a six-headed hydra
  8748 | Lair:2   | Killed a six-headed hydra
  9074 | Lair:2   | Reached skill level 5 in Fighting
  9095 | Lair:2   | Noticed a four-headed hydra
  9104 | Lair:2   | Killed a five-headed hydra
  9140 | Lair:2   | Reached skill level 5 in Transmutations
  9469 | Lair:2   | HP: 3/111 [swamp worm (26)]
  9692 | Lair:2   | Noticed a five-headed hydra
  9698 | Lair:2   | Killed a five-headed hydra
 10214 | Lair:3   | Found a staircase to the Swamp.
 10463 | Lair:3   | Noticed a five-headed hydra
 10464 | Lair:3   | Reached XP level 13. HP: 120/120 MP: 13/13
 10496 | Lair:3   | Learned a level 4 spell: Ice Form
 10923 | Lair:4   | Found a staircase to the Snake Pit.
 11350 | Lair:4   | Got a pitted silver amulet
 11360 | Lair:4   | Identified the amulet of Ilelafad {Inacc MR+} (You found it on level 4 of the Lair of Beasts)
 11957 | Lair:5   | Found a dark tunnel.
 12064 | Volcano  | Entered a volcano
 12081 | Volcano  | Reached skill level 19 in Unarmed Combat
 12370 | Lair:5   | Got a steaming robe
 13042 | Lair:6   | Entered Level 6 of the Lair of Beasts
 13231 | Lair:6   | Reached XP level 14. HP: 112/136 MP: 14/14
 13335 | Lair:6   | HP: 10/204 [poisoned by a spiny frog]
 13340 | Lair:6   | HP: 5/204 [poisoned by a spiny frog]
 13346 | Lair:6   | HP: 6/204 [poisoned by a spiny frog]
 13351 | Lair:6   | HP: 7/204 [poisoned by a spiny frog]
 13356 | Lair:6   | HP: 9/204 [poisoned by a spiny frog]
 14223 | Lair:5   | Learned a level 5 spell: Blade Hands
 14289 | Lair:6   | Found a staircase to the Slime Pits.
 14846 | Lair:6   | HP: 2/137 [yak (16)]
 15567 | D:10     | Entered Level 10 of the Dungeon
 16497 | D:11     | Identified the +1 robe of Absence {-Cast +Fly rPois MR+} (You found it on level 5 of the Lair of Beasts)
 17194 | D:12     | Found Xiom's Food Shoppe.
 17442 | D:12     | Found a staircase to the Orcish Mines.
 17507 | Orc:1    | Entered Level 1 of the Orcish Mines
 17619 | Orc:1    | Noticed DEFE's ghost (journeyman DEAK)
 17658 | Orc:1    | Killed DEFE's ghost
 17732 | Orc:1    | Found a frozen archway.
 17775 | IceCv    | Entered an ice cave
 18152 | IceCv    | Noticed a reaper
 18159 | IceCv    | Killed a reaper
 18233 | IceCv    | Got a steaming demon trident
 18255 | IceCv    | Reached XP level 15. HP: 134/149 MP: 15/15
 18668 | Orc:2    | Entered Level 2 of the Orcish Mines
 18686 | Orc:2    | Found a staircase to the Elven Halls.
 18962 | Orc:2    | Found a burning altar of Makhleb.
 19133 | Orc:2    | Found Kiula Qod's Food Shoppe.
 19135 | Orc:2    | Found Jucyl Iwn's Magic Scroll Emporium.
 19158 | Orc:2    | Reached skill level 10 in Fighting
 19293 | Orc:2    | Bought a scroll of identify for 30 gold pieces
 19293 | Orc:2    | Bought a scroll of identify for 30 gold pieces
 19293 | Orc:2    | Bought a scroll of identify for 30 gold pieces
 19293 | Orc:2    | Bought a scroll of identify for 30 gold pieces
 19293 | Orc:2    | Bought a scroll of magic mapping for 52 gold pieces
 19293 | Orc:2    | Bought a scroll of summoning for 142 gold pieces
 19293 | Orc:2    | Bought a scroll of fog for 30 gold pieces
 19293 | Orc:2    | Bought a scroll of fear for 52 gold pieces
 19489 | Orc:2    | Reached skill level 20 in Unarmed Combat
 19706 | Orc:2    | Found Asing's Gadget Shop.
 19706 | Orc:2    | Found Afahuf's Antique Armour Boutique.
 19706 | Orc:2    | Found a one-way gate leading to the halls of Pandemonium.
 21019 | D:14     | Reached skill level 10 in Transmutations
 21623 | D:14     | Hit by a large rock thrown by a cyclops

Vault maps used:
D:1:      dpeg_arrival_signposts
D:2:      vehumet_crystals, minitemple, first_bread
D:4:      lemuel_castle_with_subvaults, temple_fountains
D:5:      lemuel_round_altar, enter_ossuary_4
D:6:      overflow_temple_1_default, hangedman_decor_points,
          minmay_curled_crystal, minmay_three_doors
D:7:      uniq_menkaure
D:8:      chequers_temple_overflow_statue_of_worship, minmay_lair_entry_grove,
          basic_altar, uniq_erica
D:9:      serial_shops, shop, hangedman_pestilent_swarm, minmay_variable_closet
D:11:     minmay_klotski
D:12:     orc_0_dummy, minmay_misc_feat_nine_boxes, kennysheep_small_square
D:14:     lightli_vaults_fourway_checkpoint, hangedman_decor_opposing
Temple:   nicolae_temple_great_sept
Lair:1:   minivault_19, kennysheep_snail_temple, serial_bayou_shore_b,
          minmay_lair_oklob_chamber, lemuel_fruit_fields, uniq_gastronok,
          uniq_nergalle
Lair:2:   worms_lemuel
Lair:3:   minmay_lair_venomous_thicket, minmay_swamp_entry_worms,
          beast_lair_carwin_8, grunt_megastairs_2
Lair:4:   minmay_snake_entry_guardpost_medium, grunt_megastairs_3
Lair:5:   nicolae_volcano_entry_lava_flow, grunt_forest_large_clearings
Lair:6:   minmay_lair_end_enchanted_forest, minmay_slime_entry_jelly_boxes,
          kennysheep_rathole
Orc:1:    portal_ice_cave_rime
Orc:2:    pf_orc_diabolical, basic_altar, nicolae_orc_lava_room
Ossuary:  ossuary_due_pyramid
IceCv:    ice_cave_small_demon
Volcano:  volcano_village

Skill      XL: |  1  2  3  4  5  6  7  8  9 10 11 12 13 14 15 |
---------------+----------------------------------------------+-----
Unarmed Combat | 4 6 8 9 11 14 16 17 18 19 20 | 20.4
Fighting       | 3 6 8 9 11 | 11.0
Transmutations | 3 5 7 9 10 | 10.2
Dodging        | 0 |  0.0
Spellcasting   | |  1.2

Action                   |  1- 3 |  4- 6 |  7- 9 | 10-12 | 13-15 || total
-------------------------+-------+-------+-------+-------+-------++-------
Melee: Unarmed           |    79 |   104 |   418 |   532 |  1388 ||  2521
       Punch             |     1 |     2 |     4 |       |       ||     7
       Headbutt          |       |       |    13 |    68 |   193 ||   274
Throw: Large rock        |       |       |       |     6 |    25 ||    31
       Tomahawk          |       |       |       |       |     4 ||     4
 Cast: Ice Form          |       |       |       |       |     3 ||     3
       Blade Hands       |       |       |       |       |     4 ||     4
Invok: Sacrifice a Hand  |       |       |     1 |       |       ||     1
       Sacrifice Durabil |       |       |     1 |       |       ||     1
       Draw Out Power    |       |       |       |     1 |     8 ||     9
       Power Leap        |       |       |       |     2 |       ||     2
       Sacrifice Stealth |       |       |       |     1 |       ||     1
       Apocalypse        |       |       |       |     1 |     5 ||     6
       Sacrifice Nimblen |       |       |       |     1 |       ||     1
 Abil: End Transformatio |       |       |       |       |     1 ||     1
Evoke: Wand              |       |       |       |    27 |    21 ||    48
  Use: Scroll            |       |     6 |    10 |     7 |    14 ||    37
       Potion            |       |     2 |     3 |     8 |     8 ||    21
 Stab: Sleeping          |       |       |     2 |       |       ||     2
       Distracted        |       |       |     1 |     2 |     5 ||     8
       Invisible         |       |       |     4 |     3 |    10 ||    17
       Paralysed         |       |       |       |     5 |    34 ||    39
       Confused          |       |       |       |       |     2 ||     2
       Petrified         |       |       |       |       |     2 ||     2
  Eat: Chunk             |    12 |    11 |    37 |    41 |   111 ||   212
Armor: Robe              |    32 |    27 |    85 |    57 |   286 ||   487
       Skin              |       |       |     6 |    76 |    19 ||   101
Dodge: Dodged            |    45 |    38 |   205 |   167 |   544 ||   999
